| TOP OF THE 1ST |
|
El Paso Sun Kings batting - Pitching for Albuquerque Dukes : RHP Ronald Luongo
|
|
Pitching: RHP Ronald Luongo
|
|
|
Batting: LHB Stanley Hendrickson
|
0-0: Foul Ball, location: 2F 0-1: Ball 1-1: SINGLE (Groundball, 6MS, EV 70.6 MPH) (infield hit)
|
|
Batting: RHB Danny Ramires
|
0-0: Ball 1-0: Swinging Strike 1-1: Ball 2-1: Fielders Choice at 2nd, 4-6 (Groundball, 4, EV 86.9 MPH)
|
|
Batting: RHB Dionisio DeJesus
|
0-0: Foul Ball, location: 2F 0-1: Ball 1-1: Called Strike 1-2: Strikes out swinging
|
|
Batting: RHB Chuckie Canady
|
0-0: Ball 1-0: Foul Ball, location: 2F 1-1: Foul Ball, location: 2F 1-2: Strikes out swinging
|
| Top of the 1st over - 0 runs, 1 hit, 0 errors, 1 left on base; El Paso 0 - Albuquerque 0 |
| BOTTOM OF THE 1ST |
|
Albuquerque Dukes batting - Pitching for El Paso Sun Kings : LHP Michael Tulacz
|
|
Pitching: LHP Michael Tulacz
|
|
|
Batting: RHB Aaron Cain
|
0-0: Ball 1-0: Ground out 4-3 (Groundball, 4, EV 82.5 MPH)
|
|
Batting: RHB Edward Gates
|
0-0: Ball 1-0: Ball 2-0: Foul Ball, location: 2F 2-1: Swinging Strike 2-2: Ball 3-2: Strikes out swinging
|
|
Batting: LHB Dave Yobs
|
0-0: Fly out, F7 (Flyball, 7LM, EV 81.9 MPH)
|
| Bottom of the 1st over - 0 runs, 0 hits, 0 errors, 0 left on base; El Paso 0 - Albuquerque 0 |
| TOP OF THE 2ND |
|
El Paso Sun Kings batting - Pitching for Albuquerque Dukes : RHP Ronald Luongo
|
|
Batting: RHB Mike Anicich
|
0-0: Called Strike 0-1: Foul Ball, location: 2F 0-2: Strikes out looking
|
|
Batting: SHB Danny Torres
|
0-0: Foul Ball, location: 2F 0-1: Ball 1-1: SINGLE (Line Drive, 78M, EV 91.3 MPH)
|
|
Batting: LHB Matteo Allucingoli
|
0-0: Fielders Choice at 2nd, 5-4 (Groundball, 15, EV 86.3 MPH)
|
|
Batting: RHB Christopher Hudson
|
0-0: Ball 1-0: Called Strike 1-1: Called Strike Matteo Allucingoli steals 2nd, throwing error, E2 Matteo Allucingoli to third 1-2: Strikes out swinging
|
| Top of the 2nd over - 0 runs, 1 hit, 1 error, 1 left on base; El Paso 0 - Albuquerque 0 |
| BOTTOM OF THE 2ND |
|
Albuquerque Dukes batting - Pitching for El Paso Sun Kings : LHP Michael Tulacz
|
|
Batting: RHB George Foussianes
|
0-0: Called Strike 0-1: Ball 1-1: Fly out, F5 (Popup, 56S, EV 61.9 MPH)
|
|
Batting: RHB James Oros
|
0-0: Ball 1-0: Foul Ball, location: 2F 1-1: Ball 2-1: Ball 3-1: Foul Ball, location: 2F 3-2: Base on Balls
|
|
Batting: RHB Mark Maher
|
0-0: Foul Ball, location: 2F 0-1: Called Strike 0-2: Strikes out swinging
|
|
Batting: RHB Kevin Harvey
|
0-0: Ball 1-0: Called Strike 1-1: Called Strike 1-2: Strikes out looking
|
| Bottom of the 2nd over - 0 runs, 0 hits, 0 errors, 1 left on base; El Paso 0 - Albuquerque 0 |
| TOP OF THE 3RD |
|
El Paso Sun Kings batting - Pitching for Albuquerque Dukes : RHP Ronald Luongo
|
|
Batting: RHB Lance Ediger
|
0-0: Ground out 6-3 (Groundball, 6, EV 87.5 MPH)
|
|
Batting: LHB Stanley Hendrickson
|
0-0: Called Strike 0-1: Ball 1-1: Fly out, F4 (Line Drive, 4, EV 68.1 MPH)
|
|
Batting: RHB Danny Ramires
|
0-0: Ball 1-0: Fly out, F7 (Flyball, 78M, EV 87.5 MPH)
|
| Top of the 3rd over - 0 runs, 0 hits, 0 errors, 0 left on base; El Paso 0 - Albuquerque 0 |
| BOTTOM OF THE 3RD |
|
Albuquerque Dukes batting - Pitching for El Paso Sun Kings : LHP Michael Tulacz
|
|
Batting: LHB Elwood Holland
|
0-0: Called Strike 0-1: Ball 1-1: Fly out, F9 (Flyball, 9, EV 95.0 MPH)
|
|
Batting: LHB Matthew Henderson
|
0-0: Swinging Strike 0-1: Ball 1-1: Foul Ball, location: 2F 1-2: Ball 2-2: Strikes out swinging
|
|
Batting: RHB Aaron Cain
|
0-0: Ball 1-0: Called Strike 1-1: Ball 2-1: Ground out 6-3 (Groundball, P, EV 92.5 MPH)
|
| Bottom of the 3rd over - 0 runs, 0 hits, 0 errors, 0 left on base; El Paso 0 - Albuquerque 0 |
| TOP OF THE 4TH |
|
El Paso Sun Kings batting - Pitching for Albuquerque Dukes : RHP Ronald Luongo
|
|
Batting: RHB Dionisio DeJesus
|
0-0: Ball 1-0: Foul Ball, location: 2F 1-1: Ball 2-1: Foul Ball, location: 2F 2-2: Ball 3-2: Strikes out swinging
|
|
Batting: RHB Chuckie Canady
|
0-0: Called Strike 0-1: Ball 1-1: Ball 2-1: Ball 3-1: Base on Balls
|
|
Batting: RHB Mike Anicich
|
0-0: Swinging Strike 0-1: Ball 1-1: Grounds into double play, 6-4-3 (Groundball, 6, EV 95.6 MPH)
|
| Top of the 4th over - 0 runs, 0 hits, 0 errors, 0 left on base; El Paso 0 - Albuquerque 0 |
| BOTTOM OF THE 4TH |
|
Albuquerque Dukes batting - Pitching for El Paso Sun Kings : LHP Michael Tulacz
|
|
Batting: RHB Edward Gates
|
0-0: Ground out 6-3 (Groundball, 6, EV 85.0 MPH)
|
|
Batting: LHB Dave Yobs
|
0-0: Called Strike 0-1: Foul Ball, location: 2F 0-2: Fly out, F9 (Line Drive, 9, EV 110.0 MPH)
|
|
Batting: RHB George Foussianes
|
0-0: Ball 1-0: Ball 2-0: Ball 3-0: Called Strike 3-1: Foul Ball, location: 2F 3-2: Fly out, F8 (Line Drive, 8LM, EV 93.1 MPH)
|
| Bottom of the 4th over - 0 runs, 0 hits, 0 errors, 0 left on base; El Paso 0 - Albuquerque 0 |
| TOP OF THE 5TH |
|
El Paso Sun Kings batting - Pitching for Albuquerque Dukes : RHP Ronald Luongo
|
|
Batting: SHB Danny Torres
|
0-0: Ball 1-0: Ball 2-0: Called Strike 2-1: Foul Ball, location: 2F 2-2: Fly out, F9 (Line Drive, 9D, EV 95.0 MPH)
|
|
Batting: LHB Matteo Allucingoli
|
0-0: Ball 1-0: Called Strike 1-1: Ball 2-1: DOUBLE (Line Drive, 9LM, EV 108.1 MPH)
|
|
Batting: RHB Christopher Hudson
|
0-0: Called Strike 0-1: Foul Ball, location: 2F 0-2: Ball 1-2: Ground out 4-3 (Groundball, 4, EV 85.0 MPH) Matteo Allucingoli to third
|
|
Batting: RHB Lance Ediger
|
0-0: Foul Ball, location: 2F 0-1: Swinging Strike 0-2: SINGLE (Line Drive, 78M, EV 100.0 MPH) Matteo Allucingoli scores
|
|
Batting: LHB Stanley Hendrickson
|
0-0: Called Strike 0-1: Called Strike 0-2: Foul Ball, location: 2F 0-2: Ball 1-2: Ball 2-2: Fielders Choice at 2nd, 5-4 (Groundball, 56, EV 103.8 MPH)
|
| Top of the 5th over - 1 run, 2 hits, 0 errors, 1 left on base; El Paso 1 - Albuquerque 0 |
| BOTTOM OF THE 5TH |
|
Albuquerque Dukes batting - Pitching for El Paso Sun Kings : LHP Michael Tulacz
|
|
Batting: RHB James Oros
|
0-0: Called Strike 0-1: Swinging Strike 0-2: Ball 1-2: Foul Ball, location: 2F 1-2: Foul Ball, location: 2F 1-2: Ground out 5-3 (Groundball, 56, EV 86.3 MPH)
|
|
Batting: RHB Mark Maher
|
0-0: Fly out, F6 (Flyball, 56D, EV 83.1 MPH)
|
|
Batting: RHB Kevin Harvey
|
0-0: Ball 1-0: Ball 2-0: Foul Ball, location: 2F 2-1: Swinging Strike 2-2: Ball 3-2: Strikes out looking
|
| Bottom of the 5th over - 0 runs, 0 hits, 0 errors, 0 left on base; El Paso 1 - Albuquerque 0 |
| TOP OF THE 6TH |
|
El Paso Sun Kings batting - Pitching for Albuquerque Dukes : RHP Ronald Luongo
|
|
Batting: RHB Danny Ramires
|
0-0: Ball 1-0: Ground out 4-3 (Groundball, 34, EV 90.0 MPH)
|
|
Batting: RHB Dionisio DeJesus
|
0-0: Ground out 6-3 (Groundball, 6, EV 86.3 MPH)
|
|
Batting: RHB Chuckie Canady
|
0-0: Foul Ball, location: 2F 0-1: Fly out, F9 (Line Drive, 9D, EV 103.8 MPH)
|
| Top of the 6th over - 0 runs, 0 hits, 0 errors, 0 left on base; El Paso 1 - Albuquerque 0 |
| BOTTOM OF THE 6TH |
|
Albuquerque Dukes batting - Pitching for El Paso Sun Kings : LHP Michael Tulacz
|
|
Batting: LHB Elwood Holland
|
0-0: Ball 1-0: Called Strike 1-1: SINGLE (Groundball, 4MD, EV 108.1 MPH)
|
|
Batting: LHB Matthew Henderson
|
0-0: Ball 1-0: Ball 2-0: Called Strike 2-1: Foul Ball, location: 2F 2-2: Strikes out swinging
|
|
Batting: RHB Aaron Cain
|
0-0: Called Strike 0-1: Called Strike 0-2: Ball Elwood Holland steals 2nd base 1-2: Strikes out swinging
|
|
Batting: RHB Edward Gates
|
0-0: Ball 1-0: Fly out, F7 (Flyball, 7LS, EV 94.4 MPH)
|
| Bottom of the 6th over - 0 runs, 1 hit, 0 errors, 1 left on base; El Paso 1 - Albuquerque 0 |
| TOP OF THE 7TH |
|
El Paso Sun Kings batting - Pitching for Albuquerque Dukes : RHP Ronald Luongo
|
|
Batting: RHB Mike Anicich
|
0-0: Swinging Strike 0-1: Swinging Strike 0-2: Strikes out looking
|
|
Batting: SHB Danny Torres
|
0-0: Ball 1-0: Called Strike 1-1: Ball 2-1: Ball 3-1: Base on Balls
|
|
Batting: LHB Matteo Allucingoli
|
0-0: Ball 1-0: Swinging Strike 1-1: Ball 2-1: Ball 3-1: Foul Ball, location: 2F 3-2: Base on Balls Danny Torres to second
|
|
Batting: RHB Christopher Hudson
|
0-0: Swinging Strike 0-1: Foul Ball, location: 2F 0-2: Ball 1-2: Foul Ball, location: 2F 1-2: Ball 2-2: Foul Ball, location: 2F 2-2: Strikes out looking
|
|
Batting: RHB Lance Ediger
|
0-0: Fly out, F7 (Line Drive, 7D, EV 93.8 MPH)
|
| Top of the 7th over - 0 runs, 0 hits, 0 errors, 2 left on base; El Paso 1 - Albuquerque 0 |
| BOTTOM OF THE 7TH |
|
Albuquerque Dukes batting - Pitching for El Paso Sun Kings : LHP Michael Tulacz
|
|
Batting: LHB Dave Yobs
|
0-0: DOUBLE (Flyball, 78D, EV 96.3 MPH)
|
|
Batting: RHB George Foussianes
|
0-0: Ball 1-0: SINGLE (Flyball, 4D, EV 95.0 MPH) Dave Yobs to third
|
|
Batting: RHB James Oros
|
0-0: Called Strike 0-1: SINGLE (Groundball, 56, EV 96.3 MPH) Dave Yobs scores George Foussianes to second
|
|
Batting: RHB Mark Maher
|
0-0: Bunt missed! 0-1: Sac Bunt to P - play at first, batter OUT! 1-4 George Foussianes to third James Oros to second
|
|
Batting: RHB Kevin Harvey
|
0-0: Intentional Walk
|
|
Batting: LHB Elwood Holland
|
0-0: Ball 1-0: Ball 2-0: Ball 3-0: Base on Balls George Foussianes scores James Oros to third Kevin Harvey to second
|
|
Batting: LHB Matthew Henderson
|
0-0: Swinging Strike 0-1: Grounds into fielders choice 6-2 (Groundball, 6, EV 82.5 MPH) Kevin Harvey to third Elwood Holland to second
|
|
Batting: RHB Aaron Cain
|
0-0: Ball 1-0: Ball 2-0: Foul Ball, location: 2F 2-1: Ball 3-1: Base on Balls Kevin Harvey scores Elwood Holland to third Matthew Henderson to second
|
|
Batting: RHB Edward Gates
|
0-0: Swinging Strike 0-1: Ball 1-1: Swinging Strike 1-2: Ground out 3-1 (Groundball, 34, EV 100.0 MPH)
|
| Bottom of the 7th over - 3 runs, 3 hits, 0 errors, 3 left on base; El Paso 1 - Albuquerque 3 |
| TOP OF THE 8TH |
|
El Paso Sun Kings batting - Pitching for Albuquerque Dukes : RHP Ronald Luongo
|
|
Batting: LHB Stanley Hendrickson
|
0-0: Called Strike 0-1: Ball 1-1: Foul Ball, location: 2F 1-2: Ball 2-2: Strikes out swinging, 2-3 out at first.
|
|
Batting: RHB Danny Ramires
|
0-0: Ball 1-0: Called Strike 1-1: Ball 2-1: Reached on error, E5 (Groundball, 56, EV 93.1 MPH)
|
|
Batting: RHB Dionisio DeJesus
|
0-0: SINGLE (Groundball, 6D, EV 99.4 MPH) Danny Ramires to third Runner from 3rd tries for Home, SAFE, throw by CF to home
|
|
Batting: RHB Chuckie Canady
|
0-0: Ball 1-0: Foul Ball, location: 2F 1-1: Ball 2-1: Foul Ball, location: 2F 2-2: Ball 3-2: Fly out, F4 (Flyball, 34D, EV 91.3 MPH)
|
|
Pinch Hitting: SHB Keith Thrower
|
0-0: Ball 1-0: Fielders Choice at 2nd, 6-4 (Groundball, 6, EV 85.6 MPH)
|
| Top of the 8th over - 1 run, 1 hit, 1 error, 1 left on base; El Paso 2 - Albuquerque 3 |
| BOTTOM OF THE 8TH |
|
Albuquerque Dukes batting - Pitching for El Paso Sun Kings : LHP Michael Tulacz
|
|
Now at 1B: James Barbe
|
|
|
Batting: LHB Dave Yobs
|
0-0: Called Strike 0-1: Called Strike 0-2: Strikes out swinging
|
|
Batting: RHB George Foussianes
|
0-0: SOLO HOME RUN (Flyball, 7LD, EV 100.0 MPH), Distance : 360 ft
|
|
Batting: RHB James Oros
|
0-0: Ball 1-0: Called Strike 1-1: Called Strike 1-2: Fly out, F7 (Line Drive, 7D, EV 94.4 MPH)
|
|
Batting: RHB Mark Maher
|
0-0: Called Strike 0-1: Ball 1-1: Ball 2-1: Foul Ball, location: 2F 2-2: Strikes out looking
|
| Bottom of the 8th over - 1 run, 1 hit, 0 errors, 0 left on base; El Paso 2 - Albuquerque 4 |
| TOP OF THE 9TH |
|
El Paso Sun Kings batting - Pitching for Albuquerque Dukes : RHP Ronald Luongo
|
|
Pitching: RHP James Quinn
|
|
|
Batting: SHB Danny Torres
|
0-0: Foul Ball, location: 2F 0-1: Called Strike 0-2: Foul Ball, location: 2F 0-2: Ball 1-2: Foul Ball, location: 2F 1-2: Foul Ball, location: 2F 1-2: Strikes out swinging
|
|
Batting: LHB Matteo Allucingoli
|
0-0: Ball 1-0: Ball 2-0: Called Strike 2-1: Foul Ball, location: 2F 2-2: Strikes out swinging
|
|
Batting: RHB Christopher Hudson
|
0-0: SINGLE (Groundball, 34D, EV 108.1 MPH)
|
|
Pinch Hitting: RHB Jimmy Waugh
|
0-0: Ball 1-0: Called Strike 1-1: Fly out, F9 (Flyball, 9, EV 87.5 MPH)
|
| Top of the 9th over - 0 runs, 1 hit, 0 errors, 1 left on base; El Paso 2 - Albuquerque 4 |
|